[Event "Tuesday 16 January Rapid Engine Tour 12+1 Rounds 9 Starts 1600 ST"]
[Site "Infinity Chess"]
[Date "2018.1.16"]
[Round "5"]
[White "Ninja_Bp"]
[Black "KULLANI"]
[Result "1/2-1/2"]
[ECO "A06"]
[WhiteElo "2461"]
[BlackElo "2447"]
[WhiteEngine "Houdini 6"]
[BlackEngine "BrainFish_180106_x64_CTG"]
[EventType "Swiss"]
[WhiteTeam ""]
[BlackTeam ""]
[PlyCount "175"]
[TimeControl "720+1"]

1. Nf3 d5 2. d4 Nf6 3. e3 e6 4. c4 c6 5. b3 c5 6. Nbd2 cxd4 7. exd4 Nc6 
8. Bb2 Bd6 9. a3 b6 10. Bd3 Bb7 11. Qc2 O-O 12. O-O dxc4 13. bxc4 Rc8 14. g3 a6 
15. Bc3 b5 16. c5 Bc7 17. Rfe1 h6 18. Rac1 Qd7 19. Bb2 Rfd8 20. Bf1 Rb8 
21. Bg2 Qe8 22. Bc3 a5 23. Bf1 Ba8 24. Rb1 Ne7 25. Ba1 Qd7 26. Qd3 Bc6 
27. Bg2 Nf5 28. Bc3 Nd5 29. Ba1 Qc8 30. Rec1 b4 31. Bh3 bxa3 32. Qxa3 Rxb1 
33. Rxb1 Nf6 34. Bf1 Qd7 35. Bg2 Qe8 36. Nc4 Be4 37. Rc1 a4 38. Bf1 Rb8 
39. Ncd2 Bc6 40. Bc4 h5 41. h4 Ng4 42. Qd3 g6 43. Ne4 Bd5 44. Ned2 Qc6 
45. Bxd5 exd5 46. Rc3 Nxf2 47. Kxf2 Bxg3+ 48. Ke2 Bf4 49. Kd1 Kg7 50. Nf1 Qb7 
51. c6 Qe7 52. Kc2 Rb6 53. N1d2 Qc7 54. Rc5 f6 55. Nf1 Ne7 56. Bc3 a3 
57. Ne3 Bd6 58. Rb5 Qxc6 59. Rxb6 Qxb6 60. Nd2 a2 61. Nb3 f5 62. Ng2 f4 
63. Qf1 Qb8 64. Qa6 f3 65. Ne3 f2 66. Kb2 Bf4 67. Nf1 a1=R 68. Qxa1 Nf5 
69. Qa6 Ne3 70. Bd2 Nxf1 71. Bxf4 Qxf4 72. Qxf1 Qxh4 73. Kc3 Qg3+ 74. Kc2 Qe3 
75. Nd2 Qxd4 76. Qh3 Qf6 77. Kd1 Qa1+ 78. Kc2 Qa4+ 79. Kc1 Qe8 80. Qc3+ Kh6 
81. Qf3 Qc8+ 82. Kd1 Qf5 83. Ke2 d4 84. Kxf2 Qxf3+ 85. Nxf3 d3 86. Ke3 g5 
87. Nxg5 Kxg5 88. Kxd3 1/2-1/2

[Event "Tuesday 16 January Rapid Engine Tour 12+1 Rounds 9 Starts 1600 ST"]
[Site "Infinity Chess"]
[Date "2018.1.16"]
[Round "5"]
[White "Neoxium"]
[Black "SkyPilot"]
[Result "1/2-1/2"]
[ECO "A06"]
[WhiteElo "2465"]
[BlackElo "2479"]
[WhiteEngine "SF SL FA-IDeA"]
[BlackEngine "stockfish_x64_bmi2_2018_01_13_CTG"]
[EventType "Swiss"]
[WhiteTeam ""]
[BlackTeam ""]
[PlyCount "51"]
[TimeControl "720+1"]

1. Nf3 d5 2. d4 Nf6 3. c4 e6 4. Nc3 c6 5. e3 Nbd7 6. Qc2 Bd6 7. Bd3 O-O 
8. O-O dxc4 9. Bxc4 b5 10. Be2 Bb7 11. e4 e5 12. Rd1 Qc7 13. Bg5 exd4 
14. Rxd4 Ne5 15. g3 Bc5 16. Bxf6 Bxd4 17. Nxd4 gxf6 18. Qc1 Qd8 19. Nf5 Bc8 
20. Qh6 Bxf5 21. exf5 Qe7 22. Ne4 Ng4 23. Qf4 Ne5 24. Qh6 Ng4 25. Qf4 Ne5 
26. Qh6 1/2-1/2

[Event "Tuesday 16 January Rapid Engine Tour 12+1 Rounds 9 Starts 1600 ST"]
[Site "Infinity Chess"]
[Date "2018.1.16"]
[Round "4"]
[White "tris77"]
[Black "CrapCleaner"]
[Result "1/2-1/2"]
[ECO "C55"]
[WhiteElo "2311"]
[BlackElo "2400"]
[WhiteEngine "Raubfisch X37a2_CTG"]
[BlackEngine "SugaR XPrO x64 BMI2_CTG"]
[EventType "Swiss"]
[WhiteTeam ""]
[BlackTeam ""]
[PlyCount "280"]
[TimeControl "720+1"]

1. e4 e5 2. Nf3 Nc6 3. Bc4 Nf6 4. d3 Bc5 5. c3 d6 6. O-O a5 7. Bg5 Ba7 
8. Nbd2 h6 9. Bh4 g5 10. Bg3 O-O 11. Bb3 Be6 12. a4 Qe7 13. Nc4 Qd7 14. Re1 Rae8 
15. Ne3 Ne7 16. Bc2 Bxe3 17. Rxe3 Ng6 18. d4 Qe7 19. h3 Bd7 20. b4 b6 
21. Rb1 Ra8 22. Re1 Rfc8 23. b5 c6 24. bxc6 Rxc6 25. Re3 Rac8 26. Qd2 Kg7 
27. Qe1 Nh5 28. Bd1 Nxg3 29. fxg3 Rb8 30. Be2 Rc7 31. Qd1 Nf8 32. Qb3 f6 
33. g4 Ne6 34. g3 Rcc8 35. Qa3 Be8 36. Rf1 Rc7 37. Qb3 Bf7 38. Qb2 Be8 
39. Qb3 Bf7 40. Qb2 Be8 41. Qa3 Bf7 42. Rf2 Be8 43. Qb3 Bf7 44. Qa3 Be8 
45. Kh2 b5 46. axb5 Bxb5 47. Qxa5 Be8 48. Qa1 Rb3 49. Bd1 Rb8 50. Ra2 Bf7 
51. Ree2 Rcb7 52. Bc2 Qc7 53. d5 Nc5 54. Nd2 Bg6 55. Rg2 Rc8 56. Ra3 h5 
57. gxh5 Bxh5 58. Ra2 Rcb8 59. g4 Bg6 60. Re2 Qc8 61. Re3 Qd7 62. Re2 Rh8 
63. Rg2 Rc8 64. Qf1 Ra7 65. Rb2 Qc7 66. Rb4 Ra3 67. Rc4 Rb8 68. Qf3 Rb2 
69. Nf1 Ra1 70. Rb4 Rba2 71. Ng3 Nd7 72. Qe3 Qc5 73. Qd2 Kf7 74. Rb7 Ke7 
75. Rb3 Nb6 76. Qf2 Qxf2 77. Rxf2 Nd7 78. Kg2 Rc1 79. Bb1 Ra1 80. Bc2 Nc5 
81. Rb2 Ra3 82. Rf3 Kf7 83. Re3 Ra5 84. Kf3 Ra3 85. Kg2 Kf8 86. Kf2 Ra8 
87. Ke2 Ke8 88. Kf2 Kd8 89. Kg2 Ra3 90. Kf3 Kc7 91. Kf2 Nd7 92. Kg2 Kd8 
93. Bb3 Nc5 94. Bc2 Kc7 95. Kf3 Ra5 96. Kg2 Ra3 97. Kf3 Kd7 98. Kg2 Kc8 
99. Rf3 Nd7 100. Kf2 Kd8 101. Kg2 Ke7 102. Re3 Nc5 103. Rf3 Raa1 104. Re3 Kd8 
105. Kf3 Kc7 106. Kg2 Rg1+ 107. Kf3 Rgc1 108. Kg2 Rg1+ 109. Kf3 Kd7 110. Kf2 Ke7 
111. Re2 Rgc1 112. Re3 Ke8 113. Kg2 Rg1+ 114. Kf3 Ke7 115. Kf2 Rgc1 116. Kf3 Be8 
117. Kg2 Bf7 118. Rf3 Bg6 119. Re3 Kd8 120. Kf2 Ra3 121. Kg2 Nd7 122. Rf3 Ke7 
123. Re3 Rca1 124. Bb1 Nc5 125. Rb8 Rb3 126. Rxb3 Nxb3 127. Bd3 Kd8 128. Bc4 Nc5 
129. Be2 Nb3 130. Bd3 Ra2+ 131. Re2 Ra3 132. Bb5 Nc5 133. Re3 Kc7 134. Kf3 Kb6 
135. Be2 Ra2 136. Kg2 Ka5 137. Kf3 Kb6 138. Kf2 Ra7 139. Kg2 Ra4 140. Kf3 Ra2 
1/2-1/2

[Event "Tuesday 16 January Rapid Engine Tour 12+1 Rounds 9 Starts 1600 ST"]
[Site "Infinity Chess"]
[Date "2018.1.16"]
[Round "4"]
[White "zzsam_Mat_Pahang"]
[Black "Satria_Ungu"]
[Result "1/2-1/2"]
[ECO "A04"]
[WhiteElo "2354"]
[BlackElo "2412"]
[WhiteEngine "Houdini 6"]
[BlackEngine "Houdini 6"]
[EventType "Swiss"]
[WhiteTeam ""]
[BlackTeam ""]
[PlyCount "161"]
[TimeControl "720+1"]

1. Nf3 c5 2. e4 d6 3. d4 cxd4 4. Nxd4 Nf6 5. Nc3 a6 6. h3 e5 7. Nde2 h5 
8. g3 Be6 9. Bg2 b5 10. O-O Nbd7 11. Be3 Be7 12. Nd5 Nxd5 13. exd5 Bf5 
14. f4 Rc8 15. c3 g6 16. Qd2 Nf6 17. Rad1 e4 18. Nd4 Qd7 19. Kh2 Bf8 
20. Rfe1 Bg7 21. Ra1 O-O 22. Rad1 Rfe8 23. Bf1 Rc7 24. a3 Kh7 25. Nc2 Bh6 
26. Qg2 Qc8 27. Be2 Rce7 28. Rg1 Rh8 29. Bd4 Bg7 30. Ne3 Kg8 31. Rh1 Ne8 
32. Kg1 Bd7 33. g4 Bxd4 34. Rxd4 hxg4 35. hxg4 f5 36. Rxh8+ Kxh8 37. Kf2 Nf6 
38. gxf5 gxf5 39. Qg6 Qf8 40. Rd1 Rh7 41. Rg1 Qg7 42. Rg5 Qf8 43. Rg2 Rh6 
44. Qg5 Rh1 45. b3 Nh7 46. Qg6 Nf6 47. c4 bxc4 48. bxc4 a5 49. Qg5 Nh7 
50. Qg3 Nf6 51. Qg6 Qh6 52. Qxh6+ Rxh6 53. Nf1 Bc8 54. Rg5 Nh7 55. Rg1 Nf6 
56. Ne3 Kh7 57. Rg5 Rh2+ 58. Ke1 Rh4 59. Nxf5 Bxf5 60. Rxf5 Kg6 61. Rg5+ Kf7 
62. Kf2 Rh2+ 63. Rg2 Rh1 64. Bg4 Nxg4+ 65. Rxg4 Kf6 66. Rg8 Rh3 67. Rf8+ Ke7 
68. Ra8 Rxa3 69. Ke2 Kf6 70. Rf8+ Kg6 71. f5+ Kg5 72. f6 a4 73. f7 Kf6 
74. Rd8 Kxf7 75. Rxd6 Rc3 76. c5 Rxc5 77. Re6 a3 78. Rxe4 Ra5 79. Rf4+ Kg6 
80. Rf1 a2 81. Ra1 1/2-1/2

[Event "Tuesday 16 January Rapid Engine Tour 12+1 Rounds 9 Starts 1600 ST"]
[Site "Infinity Chess"]
[Date "2018.1.16"]
[Round "4"]
[White "RonWeasley"]
[Black "ivrdurant"]
[Result "1/2-1/2"]
[ECO "C53"]
[WhiteElo "2441"]
[BlackElo "2417"]
[WhiteEngine "BrainFish 130117_CTG"]
[BlackEngine "Raubfisch X37b1._CTG"]
[EventType "Swiss"]
[WhiteTeam ""]
[BlackTeam ""]
[PlyCount "153"]
[TimeControl "720+1"]

1. e4 e5 2. Nf3 Nc6 3. Bc4 Bc5 4. c3 Nf6 5. d3 d6 6. Bb3 a5 7. O-O O-O 8. a4 h6 
9. Nbd2 Re8 10. Re1 Be6 11. Nc4 Qd7 12. Be3 Bxe3 13. Nxe3 b6 14. Qc2 Bxb3 
15. Qxb3 Ne7 16. g3 Ng6 17. Kg2 Nf8 18. Qb5 c6 19. Qb3 Ne6 20. h3 Nc5 
21. Qc2 Rac8 22. b4 Na6 23. bxa5 bxa5 24. Nd2 Nc5 25. Ndc4 Qc7 26. Rab1 d5 
27. exd5 cxd5 28. Nb6 Rcd8 29. d4 Qc6 30. dxc5 d4+ 31. Kg1 dxe3 32. Rxe3 Qxc5 
33. Rb5 Qc6 34. Qb3 e4 35. Kg2 Re6 36. Qc4 Rd2 37. Qb3 Rd3 38. Qc4 Rxe3 
39. fxe3 Qd6 40. Nd5 Qa3 41. Nxf6+ Rxf6 42. Rb8+ Kh7 43. Rb1 Qd6 44. Qxe4+ g6 
45. Rb2 Qd1 46. Rf2 Rxf2+ 47. Kxf2 Qd2+ 48. Kf3 Qxc3 49. g4 Qe1 50. Qe8 Qh1+ 
51. Kg3 Qe1+ 52. Kf3 Qd1+ 53. Kg3 Qf1 54. Qd8 Qg1+ 55. Kf3 Qh2 56. Qxa5 Qxh3+ 
57. Kf2 Qxg4 58. Qd5 Qh4+ 59. Ke2 Kg8 60. a5 Qg4+ 61. Kf2 Qb4 62. Qd8+ Kh7 
63. a6 Qb2+ 64. Kf3 Qb5 65. Qe7 Qf1+ 66. Kg3 Qxa6 67. Qxf7+ Kh8 68. Qe8+ Kg7 
69. Qd7+ Kf6 70. Qd8+ Ke5 71. Qe7+ Qe6 72. Qc5+ Kf6 73. Qf8+ Ke5 74. Qxh6 Qf6 
75. Qf4+ Qxf4+ 76. exf4+ Ke6 77. Kf3 1/2-1/2

[Event "Tuesday 16 January Rapid Engine Tour 12+1 Rounds 9 Starts 1600 ST"]
[Site "Infinity Chess"]
[Date "2018.1.16"]
[Round "4"]
[White "Dovahkiin"]
[Black "miguello"]
[Result "1/2-1/2"]
[ECO "B06"]
[WhiteElo "2375"]
[BlackElo "2408"]
[WhiteEngine "BrainFish_180113_x64_modern_CTG"]
[BlackEngine "asmFishW_2018-01-12_popcnt_CTG"]
[EventType "Swiss"]
[WhiteTeam ""]
[BlackTeam ""]
[PlyCount "174"]
[TimeControl "720+1"]

1. e4 g6 2. d4 Bg7 3. Nc3 d6 4. Be3 Nf6 5. Qd2 c6 6. Bh6 Bxh6 7. Qxh6 Qa5 
8. Bd3 c5 9. Nf3 cxd4 10. Nxd4 Qh5 11. Qxh5 Nxh5 12. Nd5 Kd8 13. Be2 Nc6 
14. O-O-O Ng7 15. f4 Nxd4 16. Rxd4 h5 17. b3 Bd7 18. Kb2 Bc6 19. Bf3 Ne6 
20. Rdd1 g5 21. f5 Nc5 22. e5 g4 23. Be2 dxe5 24. h3 Ne4 25. Nb6+ Kc7 
26. Nxa8+ Rxa8 27. hxg4 Nf2 28. gxh5 Bxg2 29. Rh4 Nxd1+ 30. Bxd1 Kd6 31. Kc3 e6 
32. f6 e4 33. Kd4 Bf3 34. Bxf3 exf3 35. Ke3 Ke5 36. Kxf3 Kxf6 37. Rf4+ Kg7 
38. Rc4 b5 39. Rc5 b4 40. c3 bxc3 41. Rxc3 Rh8 42. Rc7 Rxh5 43. Rxa7 Rb5 
44. Rc7 Kf6 45. Ke4 Re5+ 46. Kd3 Rd5+ 47. Kc2 e5 48. Rc6+ Kf5 49. a4 e4 
50. b4 Rd8 51. Rc5+ Kf4 52. a5 e3 53. Rc7 Rd2+ 54. Kc3 Ra2 55. Rxf7+ Kg3 
56. Re7 Kf3 57. Rf7+ Kg3 58. Re7 Kf3 59. Rf7+ Ke2 60. Rf6 Ra1 61. a6 Ke1 
62. b5 e2 63. Kb4 Kd2 64. Rd6+ Ke3 65. Re6+ Kd2 66. Kc5 Ra3 67. Kb6 Re3 
68. Rxe3 Kxe3 69. a7 e1=Q 70. a8=Q Qd2 71. Qe8+ Kf2 72. Qf7+ Kg1 73. Kb7 Qd3 
74. b6 Qe4+ 75. Ka7 Qd4 76. Kb7 Qe5 77. Qg6+ Kh1 78. Ka7 Qa1+ 79. Kb7 Qe5 
80. Qf7 Qh8 81. Qf1+ Kh2 82. Qd3 Qe5 83. Kc6 Qe8+ 84. Qd7 Qe4+ 85. Qd5 Qc2+ 
86. Kb7 Qb2 87. Qc4 Kh1 1/2-1/2

[Event "Tuesday 16 January Rapid Engine Tour 12+1 Rounds 9 Starts 1600 ST"]
[Site "Infinity Chess"]
[Date "2018.1.16"]
[Round "4"]
[White "MarioDeMonti"]
[Black "OlivierEvan"]
[Result "1/2-1/2"]
[ECO "C55"]
[WhiteElo "2422"]
[BlackElo "2384"]
[WhiteEngine "stockfish_x64_bmi2_2018_01_13_CTG"]
[BlackEngine "Houdini 6"]
[EventType "Swiss"]
[WhiteTeam ""]
[BlackTeam ""]
[PlyCount "163"]
[TimeControl "720+1"]

1. e4 e5 2. Nf3 Nc6 3. Bc4 Nf6 4. d3 Bc5 5. c3 d6 6. O-O O-O 7. Bg5 h6 8. Bh4 a5 
9. Nbd2 Ba7 10. Bb3 g5 11. Bg3 Be6 12. a4 Qe7 13. Nc4 Qd7 14. Re1 Rae8 
15. Ne3 Ne7 16. Bc2 Bxe3 17. Rxe3 Ng6 18. d4 Qe7 19. h3 Bd7 20. b4 b6 21. Re1 c5 
22. b5 cxd4 23. cxd4 g4 24. Nh4 gxh3 25. Nf5 Bxf5 26. exf5 Qb7 27. Qf3 Qxf3 
28. gxf3 Rc8 29. Be4 Nf4 30. Kh2 Rc4 31. dxe5 dxe5 32. Rad1 Rxa4 33. Bc6 N6h5 
34. Rxe5 Nxg3 35. Kxg3 Nh5+ 36. Kxh3 Nf4+ 37. Kh2 Kg7 38. Rd6 Rg8 39. f6+ Kh7 
40. Be4+ Kh8 41. Rd1 Ra2 42. Rf1 Rd2 43. Rf5 Ng6 44. Rh5 Kh7 45. Rc1 Rgd8 
46. Kg3 a4 47. Rc7 R8d7 48. Rc6 R2d6 49. Re5 a3 50. Re8 h5 51. f4 Kh6 
52. Rxd6 Rxd6 53. f5 a2 54. Ra8 Nf8 55. Rxa2 Kg5 56. f4+ Kxf6 57. Rh2 Rd4 
58. Kf3 Rb4 59. Rxh5 Rxb5 60. Kg4 Rb4 61. Bd5 b5 62. Bc6 Rb1 63. Be4 Rb3 
64. Bd5 Rd3 65. Bc6 b4 66. Bb5 Rc3 67. Ba4 Ra3 68. Bb5 Kg7 69. f6+ Kxf6 
70. Rf5+ Ke7 71. Bc4 Ne6 72. Rb5 f5+ 73. Kh4 Nxf4 74. Rxf5 Ng2+ 75. Kg5 Re3 
76. Rf7+ Kd6 77. Rb7 Kc5 78. Bf1 Rg3+ 79. Kh6 Rg4 80. Rb5+ Kc6 81. Rxb4 Rxb4 
82. Bxg2+ 1/2-1/2

[Event "Tuesday 16 January Rapid Engine Tour 12+1 Rounds 9 Starts 1600 ST"]
[Site "Infinity Chess"]
[Date "2018.1.16"]
[Round "4"]
[White "incredible"]
[Black "Longin"]
[Result "1/2-1/2"]
[ECO "E10"]
[WhiteElo "2446"]
[BlackElo "2426"]
[WhiteEngine "Stockfish_x64_bmi2"]
[BlackEngine "S_XPrO.251117.x64.POPCNT_CTG"]
[EventType "Swiss"]
[WhiteTeam ""]
[BlackTeam ""]
[PlyCount "138"]
[TimeControl "720+1"]

1. d4 Nf6 2. c4 e6 3. Nf3 d5 4. Nc3 c6 5. Bg5 h6 6. Bxf6 Qxf6 7. e3 Nd7 
8. Bd3 dxc4 9. Bxc4 Bd6 10. Ne4 Qe7 11. O-O O-O 12. Rc1 b6 13. Qe2 a5 
14. Nxd6 Qxd6 15. Rfd1 Bb7 16. Bd3 Rfd8 17. Nd2 c5 18. Ne4 Qd5 19. Bb1 Qc6 
20. f3 Qc7 21. a3 a4 22. Bc2 Bc6 23. Bd3 Bd5 24. Nc3 Nf6 25. Nb5 Qe7 26. e4 Bc6 
27. e5 Ne8 28. dxc5 bxc5 29. Be4 Bxe4 30. Qxe4 Rxd1+ 31. Rxd1 Rb8 32. Qc6 Qb7 
33. Qxb7 Rxb7 34. Nc3 Rxb2 35. Nxa4 Rc2 36. Rd8 Kf8 37. Rc8 c4 38. Nb6 c3 
39. Nc4 Ke7 40. Ne3 Rc1+ 41. Kf2 Kd7 42. Rc5 Nc7 43. a4 Nd5 44. Nxd5 exd5 
45. Ke3 Ke6 46. f4 c2 47. a5 Ra1 48. Rxc2 Ra3+ 49. Kd4 Ra4+ 50. Kc3 Rxa5 
51. Kd3 Ra3+ 52. Kd4 Ra7 53. Rc6+ Kf5 54. g3 Ra3 55. Rc7 Ke6 56. f5+ Kxf5 
57. Rxf7+ Ke6 58. Rxg7 Ra4+ 59. Kc3 Kxe5 60. Kd3 d4 61. Re7+ Kd5 62. Rh7 Ra3+ 
63. Ke2 d3+ 64. Ke3 d2+ 65. Kxd2 Ra2+ 66. Ke3 Rxh2 67. g4 Rh3+ 68. Kf2 Ke6 
69. Kg2 Rh4 1/2-1/2

[Event "Tuesday 16 January Rapid Engine Tour 12+1 Rounds 9 Starts 1600 ST"]
[Site "Infinity Chess"]
[Date "2018.1.16"]
[Round "4"]
[White "KhalidOmar"]
[Black "hafaba"]
[Result "1/2-1/2 "]
[ECO "A40"]
[WhiteElo "2447"]
[BlackElo "2435"]
[WhiteEngine "Eman 1.62 64-bit BMI2"]
[BlackEngine "Stockfish SL 07012018 POPCNT_CTG"]
[EventType "Swiss"]
[WhiteTeam ""]
[BlackTeam ""]
[PlyCount "120"]
[TimeControl "720+1"]

1. d4 c6 2. e4 d5 3. e5 c5 4. Nf3 cxd4 5. Nxd4 Nc6 6. c4 e6 7. Nc3 Bb4 
8. Nxc6 bxc6 9. Qa4 Rb8 10. cxd5 exd5 11. Qxc6+ Kf8 12. a3 Ne7 13. Qa4 Ba5 
14. b4 Qc7 15. Bb2 Qxe5+ 16. Be2 Bb6 17. Rd1 Bg4 18. Rd2 Bd4 19. Qd1 Bxc3 
20. Bxc3 Qxc3 21. Bxg4 Qxa3 22. O-O g6 23. Qe2 Qxb4 24. Qe5 Rg8 25. Ra2 Rd8 
26. Rxa7 Nc6 27. Qf6 Nxa7 28. Qxd8+ Kg7 29. Qxd5 Qxg4 30. Qe5+ Kh6 31. Qe3+ Kg7 
32. Qxa7 Rd8 33. h3 Qd4 34. Qxd4+ Rxd4 35. Ra1 g5 36. g4 f6 37. Kg2 Kh6 
38. f3 Kg7 39. Kg3 Kg6 40. Ra7 Rd2 41. Ra5 Rd3 42. h4 gxh4+ 43. Kg2 h3+ 
44. Kxh3 Rxf3+ 45. Kh4 Rc3 46. Ra2 Rc4 47. Kg3 Rc7 48. Ra6 Rg7 49. Rb6 Ra7 
50. Rd6 Ra3+ 51. Kg2 Kg5 52. Rd1 Kxg4 53. Rd4+ Kg5 54. Rd5+ f5 55. Rd7 h6 
56. Rh7 Rb3 57. Kh2 Rb6 58. Kg3 Rb3+ 59. Kg2 h5 60. Rc7 Rb8 1/2-1/2

[Event "Tuesday 16 January Rapid Engine Tour 12+1 Rounds 9 Starts 1600 ST"]
[Site "Infinity Chess"]
[Date "2018.1.16"]
[Round "4"]
[White "Eman"]
[Black "Neoxium"]
[Result "0-1"]
[ECO "A46"]
[WhiteElo "2467"]
[BlackElo "2448"]
[WhiteEngine "Eman 1.62 64-bit POPCNT"]
[BlackEngine "SF SL FA-IDeA"]
[EventType "Swiss"]
[WhiteTeam ""]
[BlackTeam ""]
[PlyCount "166"]
[TimeControl "720+1"]

1. d4 Nf6 2. Nf3 d5 3. c4 e6 4. Nc3 c6 5. Bg5 dxc4 6. e4 b5 7. e5 h6 8. Bh4 g5 
9. Nxg5 hxg5 10. Bxg5 Nbd7 11. exf6 Bb7 12. h4 Nxf6 13. Be2 Be7 14. Bf3 Nd5 
15. Bxe7 Qxe7 16. Nxd5 exd5+ 17. Qe2 Rh6 18. Qxe7+ Kxe7 19. Kd2 Rg8 
20. Rae1+ Kd6 21. h5 b4 22. a3 b3 23. Rh4 Bc8 24. Rf4 Be6 25. Kc3 f6 26. Kd2 Bd7 
27. g3 a5 28. Rh4 Rh7 29. Rg1 Re7 30. Bd1 Rge8 31. Rf4 f5 32. Rh4 Rf7 
33. Bf3 Re6 34. Bd1 Ke7 35. f3 Kf6 36. Rhh1 Ree7 37. Re1 Rxe1 38. Rxe1 Kg7 
39. f4 Kh6 40. Re2 Rg7 41. Rg2 Re7 42. Bf3 Kg7 43. Re2 Rf7 44. Rg2 Rf6 
45. Rg1 Rf7 46. Rh1 Re7 47. Rh4 c5 48. dxc5 d4 49. c6 Bc8 50. Bd1 Re3 51. Rh1 a4 
52. h6+ Kh7 53. g4 Rd3+ 54. Kc1 fxg4 55. Be2 Rh3 56. Rxh3 gxh3 57. Bxc4 h2 
58. Bd5 Bf5 59. c7 Kxh6 60. Kd2 Kg6 61. Ke1 Kf6 62. Bh1 Ke7 63. Kf1 d3 
64. Bf3 Kd6 65. c8=R Bxc8 66. Kg2 Kc5 67. Kxh2 Kd4 68. Kg3 Ke3 69. Bh5 d2 
70. Bd1 Bf5 71. Bf3 Bd3 72. Kg4 Be2 73. Bxe2 Kxe2 74. Kg5 d1=Q 75. f5 Ke3 
76. f6 Qd4 77. f7 Qg7+ 78. Kf5 Qxf7+ 79. Ke5 Qd7 80. Kf6 Kf4 81. Kg6 Qe7 
82. Kh6 Kf5 83. Kh5 Qh7# 0-1

[Event "Tuesday 16 January Rapid Engine Tour 12+1 Rounds 9 Starts 1600 ST"]
[Site "Infinity Chess"]
[Date "2018.1.16"]
[Round "4"]
[White "Wolle"]
[Black "Thor"]
[Result "1/2-1/2"]
[ECO "B30"]
[WhiteElo "2456"]
[BlackElo "2471"]
[WhiteEngine "Raubfisch X37a2_CTG"]
[BlackEngine "BrainFish_180113_x64_bmi2"]
[EventType "Swiss"]
[WhiteTeam ""]
[BlackTeam ""]
[PlyCount "64"]
[TimeControl "720+1"]

1. e4 c5 2. Nf3 Nc6 3. Nc3 e5 4. Bc4 Be7 5. d3 d6 6. Nd5 Nf6 7. O-O O-O 
8. Re1 Nxd5 9. Bxd5 Be6 10. c3 Qd7 11. a3 Bf6 12. Bxe6 Qxe6 13. b4 Rfd8 
14. Be3 c4 15. dxc4 Qxc4 16. Rc1 d5 17. Nd2 Qa2 18. exd5 Rxd5 19. b5 Nd8 
20. c4 Rd7 21. a4 Ne6 22. Ra1 Qb2 23. Qf3 Rad8 24. Reb1 Qc2 25. Ne4 Be7 
26. Rc1 Qb3 27. Bxa7 Rd3 28. Qe2 Ba3 29. Re1 Bb4 30. Rec1 Ba3 31. Re1 Bb4 
32. Rec1 Ba3 1/2-1/2

[Event "Tuesday 16 January Rapid Engine Tour 12+1 Rounds 9 Starts 1600 ST"]
[Site "Infinity Chess"]
[Date "2018.1.16"]
[Round "4"]
[White "THE_MACHINE"]
[Black "angriff"]
[Result "1/2-1/2"]
[ECO "B00"]
[WhiteElo "2486"]
[BlackElo "2471"]
[WhiteEngine "Houdini 6"]
[BlackEngine "Raubfisch ME262_GTZ16b1_CTG"]
[EventType "Swiss"]
[WhiteTeam ""]
[BlackTeam ""]
[PlyCount "110"]
[TimeControl "720+1"]

1. e4 Nc6 2. d4 d5 3. e5 Bf5 4. c3 e6 5. Nf3 f6 6. Bb5 Nge7 7. exf6 gxf6 
8. Nh4 Bg6 9. O-O a6 10. Be2 Bf7 11. Nd2 Ng6 12. Ndf3 e5 13. Nxg6 hxg6 
14. dxe5 Nxe5 15. h3 Bd6 16. Nxe5 fxe5 17. Bg4 Qf6 18. Be3 Be6 19. Bg5 Qf7 
20. Bxe6 Qxe6 21. Qb3 Rb8 22. Rad1 c6 23. c4 dxc4 24. Qf3 Bc5 25. Kh2 Qf5 
26. Qxf5 gxf5 27. Bf6 O-O 28. Bxe5 Rbd8 29. Kg3 Rd5 30. Kf4 Kf7 31. h4 Ke6 
32. Rde1 Rg8 33. Bd4+ Kf7 34. Bxc5 Rxc5 35. Re5 Rxe5 36. Kxe5 Rxg2 37. Kxf5 b5 
38. Ke5 Rh2 39. Kd6 Rxh4 40. Kxc6 Kg6 41. Kb6 Rf4 42. Kxa6 b4 43. Kb5 c3 
44. bxc3 bxc3 45. a4 c2 46. a5 Rf5+ 47. Ka4 Rf6 48. Rg1+ Kf7 49. Rc1 Rf4+ 
50. Kb5 Rf5+ 51. Ka4 Rf4+ 52. Ka3 Rxf2 53. Kb2 Ke7 54. a6 Kd7 55. a7 Rf8 1/2-1/2

[Event "Tuesday 16 January Rapid Engine Tour 12+1 Rounds 9 Starts 1600 ST"]
[Site "Infinity Chess"]
[Date "2018.1.16"]
[Round "4"]
[White "Vimtiroba"]
[Black "Harry_Potter"]
[Result "1/2-1/2 "]
[ECO "A05"]
[WhiteElo "2479"]
[BlackElo "2491"]
[WhiteEngine "CChess@EX_CTG"]
[BlackEngine "Stockfish_18011309_x64_bmi2_CTG"]
[EventType "Swiss"]
[WhiteTeam ""]
[BlackTeam ""]
[PlyCount "159"]
[TimeControl "720+1"]

1. Nf3 Nf6 2. d4 d5 3. c4 e6 4. e3 Be7 5. cxd5 exd5 6. Bd3 Bg4 7. Bd2 Nbd7 
8. Bc3 c6 9. Nbd2 a5 10. Qc2 Bxf3 11. Nxf3 O-O 12. O-O Re8 13. Ne5 Bb4 
14. f4 Qe7 15. a3 Bd6 16. Rad1 Bc7 17. Rf3 Ne4 18. Rh3 Qe6 19. Bxe4 dxe4 
20. Qxe4 Nf6 21. Qc2 Qd5 22. Qf5 Qe4 23. Qxe4 Nxe4 24. Rc1 Re7 25. Rf3 Nd6 
26. Bd2 h5 27. Nc4 Ne4 28. Be1 a4 29. Bb4 Re6 30. g3 Rd8 31. Rff1 Nf6 
32. Rfe1 Nd5 33. Kf2 f6 34. Ba5 b6 35. f5 Re4 36. Nd2 Ree8 37. e4 bxa5 
38. exd5 Rxe1 39. Kxe1 Rxd5 40. Rxc6 Bd8 41. Ne4 Rxd4 42. Nc3 h4 43. Ke2 g6 
44. fxg6 Kg7 45. Ke3 hxg3 46. hxg3 Rd7 47. Nxa4 Kxg6 48. g4 Rb7 49. Kd3 Rd7+ 
50. Ke3 Rb7 51. Ke4 Rb3 52. Kd5 Kg5 53. Rc8 Rd3+ 54. Kc4 Rd2 55. Kc3 Rd5 
56. Rc4 Be7 57. Kc2 Kh4 58. Re4 Bd6 59. Nb6 Re5 60. Ra4 Rc5+ 61. Kb1 Be7 
62. Nc4 Kxg4 63. Nxa5+ Kg3 64. b4 Rc7 65. b5 Rc5 66. Rb4 Rc3 67. Re4 Rxa3 
68. b6 Rxa5 69. Rxe7 Rb5+ 70. Kc2 Rxb6 71. Kd3 f5 72. Rf7 f4 73. Ke2 Rb2+ 
74. Kf1 Kf3 75. Kg1 Rb1+ 76. Kh2 Rb2+ 77. Kg1 Rb5 78. Rf6 Rb1+ 79. Kh2 Ra1 
80. Rf5 1/2-1/2

[Event "Tuesday 16 January Rapid Engine Tour 12+1 Rounds 9 Starts 1600 ST"]
[Site "Infinity Chess"]
[Date "2018.1.16"]
[Round "4"]
[White "Ninja_Bp"]
[Black "IronMan"]
[Result "1/2-1/2"]
[ECO "A06"]
[WhiteElo "2464"]
[BlackElo "2392"]
[WhiteEngine "Houdini 6"]
[BlackEngine "Eman 1.58 64-bit BMI2"]
[EventType "Swiss"]
[WhiteTeam ""]
[BlackTeam ""]
[PlyCount "109"]
[TimeControl "720+1"]

1. Nf3 d5 2. d4 Nf6 3. e3 e6 4. c4 b6 5. b3 Bb7 6. Bb2 Nbd7 7. Bd3 g6 
8. Nbd2 Bg7 9. b4 c5 10. dxc5 bxc5 11. cxd5 Bxd5 12. b5 Rc8 13. Qe2 Nb6 
14. Rc1 O-O 15. O-O Qd7 16. Ne5 Qc7 17. e4 Nxe4 18. Nxe4 Bxe5 19. Rxc5 Qb8 
20. Rxc8 Rxc8 21. Nf6+ Bxf6 22. Bxf6 Qf4 23. Be5 Qg5 24. g3 Bxa2 25. h4 Qd8 
26. Bxg6 hxg6 27. Qxa2 Rc5 28. Bf4 Nd5 29. Qxa7 Rxb5 30. Be5 Nf6 31. Ba1 Rf5 
32. Rb1 Qd2 33. Qd4 Qe2 34. Qb2 Qe4 35. Qb4 Qf3 36. Qe1 Kh7 37. Rb8 Rd5 
38. Bxf6 Qxf6 39. Kg2 Qd4 40. Qe2 Rf5 41. Qb2 Qxb2 42. Rxb2 Re5 43. f3 Rd5 
44. g4 f5 45. Rb7+ Kg8 46. gxf5 exf5 47. Re7 Rd4 48. Kg3 Rb4 49. Ra7 Rb3 
50. Kf4 Kf8 51. Kg5 Rxf3 52. Kxg6 Ke8 53. h5 Rg3+ 54. Kxf5 Kf8 55. h6 1/2-1/2

[Event "Tuesday 16 January Rapid Engine Tour 12+1 Rounds 9 Starts 1600 ST"]
[Site "Infinity Chess"]
[Date "2018.1.16"]
[Round "4"]
[White "KULLANI"]
[Black "SkyPilot"]
[Result "1/2-1/2"]
[ECO "D10"]
[WhiteElo "2446"]
[BlackElo "2480"]
[WhiteEngine "BrainFish_180106_x64_CTG"]
[BlackEngine "stockfish_x64_bmi2_2018_01_13_CTG"]
[EventType "Swiss"]
[WhiteTeam ""]
[BlackTeam ""]
[PlyCount "97"]
[TimeControl "720+1"]

1. d4 d5 2. c4 c6 3. Nc3 Nf6 4. Nf3 e6 5. Bg5 h6 6. Bxf6 Qxf6 7. e3 Nd7 
8. Be2 g6 9. O-O Be7 10. e4 dxe4 11. Nxe4 Qg7 12. c5 O-O 13. Bc4 e5 14. d5 Kh7 
15. dxc6 bxc6 16. Nd6 Nxc5 17. b4 Ne6 18. Nxc8 Raxc8 19. Bxe6 fxe6 20. Qe1 c5 
21. Rd1 Bf6 22. bxc5 Rxc5 23. Rd6 Re8 24. Nd2 Rd5 25. Ne4 Rxd6 26. Nxd6 Rd8 
27. Ne4 Rd4 28. Nxf6+ Qxf6 29. g3 h5 30. Qa5 Rd7 31. Re1 h4 32. Qxe5 Qxe5 
33. Rxe5 h3 34. Kf1 Rd1+ 35. Re1 Rd2 36. Re2 Rd1+ 37. Re1 Rd2 38. Rxe6 Rxa2 
39. Re7+ Kh6 40. Re8 a5 41. Rh8+ Kg7 42. Rxh3 Ra1+ 43. Ke2 Ra2+ 44. Ke3 Rb2 
45. Rh4 Rb3+ 46. Kd2 Rb2+ 47. Ke3 Rb3+ 48. Kd2 Rb2+ 49. Ke3 1/2-1/2